 Dungeon Crawl Stone Soup version 0.31-a0-744-gbc345e7fcb (webtiles) character file.

Game seed: 15556283066994033286

48 dialectric the Magician (level 3, -4/24 HPs)
             Began as a Demonspawn Hedge Wizard on Sept 13, 2023.
             Killed by nerve-wracking pain
             ... invoked by an orc priest
              (13 damage)
             ... on level 4 of the Dungeon.
             The game lasted 00:03:09 (1920 turns).

dialectric the Magician (Demonspawn Hedge Wizard)   Turns: 1920, Time: 00:03:10

Health: -4/24      AC:  3    Str:  9 (10) XL:     3   Next: 50%
Magic:  0/8        EV: 12    Int: 16 (17) God:
Gold:   52         SH:  0    Dex:  9 (12) Spells: 7/9 levels left

rFire   . . .        a - +0 dagger
rCold   . . .        (no shield)
rNeg    . . .        b - +0 robe
rPois   .            c - +0 hat
rElec   .            (no cloak)
rCorr   .            h - +0 pair of gloves
SInv    .            (no boots)
Will    .....        (no amulet)
Stlth   ++           (no ring)
HPRegen 0.24/turn    (no ring)
MPRegen 0.11/turn

%: no passive effects
@: very slightly contaminated
A: demonic magic 1
a: no special abilities


You were on level 4 of the Dungeon.
You visited 1 branch of the dungeon, and saw 4 of its levels.

You collected 52 gold pieces.

Inventory:

Hand Weapons
 a - a +0 dagger (weapon)
 i - a +0 short sword
Missiles
 j - 12 poisoned darts
Armour
 b - a +0 robe (worn)
 c - a +0 hat (worn)
 h - a +0 pair of gloves (worn)
Wands
 m - a wand of paralysis (11)
Scrolls
 k - a scroll of silence {unknown}
 l - a scroll of fog {unknown}
 n - a scroll of vulnerability {unknown}
Potions
 d - a potion of magic
 e - a potion of degeneration
 f - a potion of attraction {unknown}
 g - a potion of heal wounds
 o - a potion of brilliance {unknown}
 p - a potion of haste {unknown}


   Skills:
 + Level 0.2 Short Blades
 + Level 2.1 Dodging
 + Level 2.4 Stealth
 + Level 3.5 Spellcasting
 + Level 1.4 Conjurations
 + Level 1.0 Summonings
 * Level 0.8 Translocations


You had 7 spell levels left.
You knew the following spells:

 Your Spells              Type           Power      Damage    Failure   Level
a - Magic Dart            Conj           28%        1d4       10%         1
b - Slow                  Hex            8%         N/A       19%         1

Your spell library contained the following spells:

 Spells                   Type           Power      Damage    Failure   Level
 Blink                    Tloc           10%        N/A       19%         2
 Call Imp                 Summ           12%        N/A       19%         2
 Cigotuvi's Dreadful Rot  Necr/Pois/Air  4%         N/A       26%         2
 Mephitic Cloud           Conj/Pois/Air  4%         N/A       41%         3


Dungeon Overview and Level Annotations

Branches:
Dungeon (4/15)
 Temple: D:4-7

Altars:


Innate Abilities, Weirdness & Mutations

Spells you cast may paralyse adjacent enemies.


Message History

Unknown command.
Casting: Magic Dart (safe; 10% risk of failure)
Confirm with . or Enter, or press ? or * to list all spells.
Aiming: Magic Dart (safe; 10% risk of failure)
Press: ? - help, Shift-Dir - straight line, f/p - orc priest
Aim: an orc priest, wielding a +0 flail and wearing a +0 scale mail (100% to hit)
The magic dart hits the orc priest.
The orc priest is moderately wounded.
Malevolent energies surge around you. The orc priest closely misses you.
Unknown command.
Unknown command.
Casting: Magic Dart (safe; 10% risk of failure)
Confirm with . or Enter, or press ? or * to list all spells.
Aiming: Magic Dart (safe; 10% risk of failure)
Press: ? - help, Shift-Dir - straight line, f/p - orc priest
Aim: an orc priest, wielding a +0 flail and wearing a +0 scale mail (moderately wounded, 100% to hit)
The magic dart hits the orc priest but does no damage.
The orc priest is moderately wounded.
Malevolent energies surge around you. The orc priest closely misses you.
Casting: Magic Dart (safe; 10% risk of failure)
Confirm with . or Enter, or press ? or * to list all spells.
Aiming: Magic Dart (safe; 10% risk of failure)
Press: ? - help, Shift-Dir - straight line, f/p - orc priest
Aim: an orc priest, wielding a +0 flail and wearing a +0 scale mail (moderately wounded, 100% to hit)
The magic dart hits the orc priest but does no damage.
The orc priest is moderately wounded.
Malevolent energies surge around you.
The orc priest hits you with a +0 flail.
Casting: Magic Dart (safe; 10% risk of failure)
Confirm with . or Enter, or press ? or * to list all spells.
Aiming: Magic Dart (safe; 10% risk of failure)
Press: ? - help, Shift-Dir - straight line, f/p - orc priest
Aim: an orc priest, wielding a +0 flail and wearing a +0 scale mail (moderately wounded, 100% to hit)
The magic dart hits the orc priest but does no damage.
The orc priest is moderately wounded.
Malevolent energies surge around you.
The orc priest calls down the wrath of Beogh upon you.
Pain shoots through your body!
Ouch! That really hurt!
You die...

#.# #.#.# #.#.#
#.#.#####.# #.#.......#
#.#........
#.#.#########
#.#.........#####.
#@#...............
#######o#..#.##.#######.
.......o.....##..<#
#######.###########.###
#.....o.o.....o..
#############.#o.


You could see an orc priest and an orc.

Vanquished Creatures
  An adder (D:3)
  A dart slug (D:1)
  3 orcs
  5 bats
  2 endoplasms
  2 giant cockroaches
  4 goblins
  3 hobgoblins
  A frilled lizard (D:2)
  5 kobolds
  An orc zombie (D:3)
  3 rats
31 creatures vanquished.

Notes
Turn   | Place    | Note
-------+----------+-------------------------------------------
     0 | D:1      | dialectric the Demonspawn Hedge Wizard began the quest for
                  | the Orb.
     0 | D:1      | Reached XP level 1. HP: 13/13 MP: 4/4
   477 | D:1      | Gained mutation: Spells you cast may paralyse adjacent
                  | enemies. [demonic ancestry]
   477 | D:1      | Reached XP level 2. HP: 15/19 MP: 4/6
  1591 | D:3      | Reached XP level 3. HP: 20/24 MP: 2/7
  1602 | D:3      | Learned a level 1 spell: Slow
  1688 | D:3      | Found a faded altar of an unknown god.
  1920 | D:4      | Killed from afar by an orc priest

Illustrated notes

Levels and vault maps discovered:
D:1:      lemuel_arrival_funnel, layout_loops_corners
D:2:      layout_loops_ring, serial_shops, shop, minmay_misc_feat_cross,
          moated_statue
D:3:      kennysheep_six_static_rooms, layout_basic,
          nicolae_overflow_hidden_temple, nicolae_hepliaklqana_hazy_memory,
          nicolae_tso_besieged_by_evil, shapermc_ecumenical_altar_venn
D:4:      layout_basic, marbit_many_paths, dk_vineyard_1,
          chequers_serial_rivers_large_a

Skill      XL: |  1  2 |
---------------+-------+-----
Stealth        | 2 |  2.4
Dodging        | 2 |  2.1
Short Blades   | |  0.2
Spellcasting   | |  3.5
Conjurations   | |  1.4
Summonings     | |  1.0
Translocations | |  0.8

Action                     || total
---------------------------++-------
  Melee: Dagger            ||    99
         Punch             ||     1
   Cast: Magic Dart        ||    42
    Use: Potion            ||     2
   Stab: Paralysed         ||    11
         Sleeping          ||     1
 Armour: Robe              ||    49
  Dodge: Dodged            ||    71

Table legend: (Time is in decaauts)
 A = Elapsed time spent in this place.
 B = Non-inter-level travel time spent in this place.
 C = Inter-level travel time spent in this place.
 D = Time resting spent in this place.
 E = Time spent auto-exploring this place.
 F = Levels seen in this place.
 G = Mean time per level.
                   A        B        C        D        E       F      G
               +--------+--------+--------+--------+--------+-----+--------+
         Total |   1918 |   1860 |     58 |      0 |   1431 |   4 |  479.5 |
       Dungeon |   1918 |   1860 |     58 |      0 |   1431 |   4 |  479.5 |
               +--------+--------+--------+--------+--------+-----+--------+

Top non-repeatable levels by time:
     D:1: 1240 daAuts
     D:3: 328 daAuts
     D:2: 244 daAuts
     D:4: 105 daAuts
